Map: Abyssal Reef LE

Players

VITmaru (Maru)

  • Race: Terran Terran
  • Spawn Location: 11:00

gumiho - Winner!

  • Race: Terran Terran
  • Spawn Location: 5:00

Event: HomeStory Cup XXVI

VOD

Have the link to the VOD?

Description

Time

  • Played on: Dec. 1, 2024, 11:17 a.m.
  • Length: 10:57

All games in this series

Show
View Real Time Build Order
Export as new Build Order

VITmaru Terran 

Build Orders: Mech 

Get SALT Encoding   

  12  0:00  SCV  
  13  0:12  SCV  
  14  0:17  Supply Depot  
  14  0:24  SCV  
  15  0:38  SCV  
  15  0:39  Barracks  
  16  0:43  Refinery  
  16  0:50  SCV  
  16  0:53  Refinery  
  17  1:03  SCV  
  18  1:15  SCV  
  19  1:27  Orbital Command, Reaper  
  19  1:30  Supply Depot  
  20  1:41  Factory  
  20  1:52  SCV  
  21  1:59  Reaper  
  22  2:04  SCV  
  23  2:17  SCV  
  23  2:21  Command Center  
  24  2:27  Hellion  
  24  2:29  SCV  
  27  2:32  Barracks Reactor  
  27  2:40  Starport  
  27  2:42  SCV  
  28  2:48  Supply Depot  
  28  2:51  Factory Tech Lab  
  28  2:54  SCV  
  29  3:06  SCV  
  29  3:10  Marine x2  
  32  3:13  Siege Tank  
  32  3:18  SCV  
  32  3:19  Medivac  
  38  3:28  Marine  
  38  3:32  Marine  
  38  3:33  SCV  
  38  3:34  Orbital Command  
  41  3:41  Refinery  
  41  3:45  SCV  
  41  3:47  Cyclone  
  45  3:50  Starport Tech Lab  
  45  3:56  Supply Depot  
  45  3:57  SCV  
  45  3:59  SCV  
  45  4:02  Marine x2  
  49  4:09  SCV  
  48  4:11  SCV  
  46  4:21  SCV  
  46  4:23  Raven  
  52  4:26  SCV  
  53  4:33  SCV  
  53  4:35  Command Center  
  53  4:36  Cyclone  
  54  4:38  Interference Matrix  
  54  4:40  SCV  
  55  4:46  Supply Depot, SCV  
  55  4:47  Marine  
  55  4:52  SCV  
  58  4:58  Raven, SCV, Refinery  
  61  5:04  SCV  
  62  5:08  Siege Tank  
  62  5:10  SCV  
  62  5:12  Supply Depot, Marine x2  
  68  5:18  SCV  
  69  5:22  SCV  
  68  5:30  SCV  
  68  5:34  Raven  
  70  5:35  SCV  
  70  5:42  SCV  
  71  5:47  Orbital Command  
  71  5:48  SCV  
  75  5:51  Engineering Bay, Factory  
  75  5:53  Cyclone  
  75  5:54  SCV  
  76  5:58  Supply Depot  
  76  6:00  SCV  
  76  6:02  Mag-Field Accelerator  
  77  6:06  SCV  
  78  6:12  SCV  
  71  6:19  SCV  
  71  6:20  Orbital Command  
  71  6:24  SCV, Missile Turret  
  73  6:25  Siege Tank  
  73  6:26  Viking x2  
  73  6:31  SCV  
  78  6:36  SCV  
  78  6:39  Refinery  
  79  6:40  Refinery  
  79  6:43  SCV  
  79  6:46  SCV  
  81  6:48  SCV, Command Center  
  81  6:51  Siege Tank  
  85  6:59  Supply Depot, Viking  
  85  7:00  Viking  
  89  7:03  SCV  
  89  7:07  SCV x2  
  90  7:11  Siege Tank  
  90  7:15  SCV  
  94  7:18  Supply Depot  
  94  7:20  Armory  
  94  7:21  SCV  
  94  7:22  SCV  
  93  7:37  Supply Depot  
  93  7:53  Armory  
  93  7:54  Factory  
  93  7:56  Sensor Tower  
  93  7:58  SCV, Siege Tank, Viking x2  
  93  7:59  Supply Depot, Siege Tank, SCV x2  
  93  8:04  Orbital Command  
  106  8:10  SCV  
  106  8:11  SCV x2  
  109  8:16  Terran Vehicle Weapons Level 1  
  109  8:22  SCV, Sensor Tower  
  109  8:27  Factory  
  110  8:28  Viking x2  
  110  8:33  Supply Depot  
  114  8:37  Siege Tank x2, Factory Reactor  
  120  8:41  Terran Vehicle And Ship Armor Level 1  
  120  8:42  Factory  
  120  8:44  SCV x2  
  122  8:50  SCV  
  123  9:00  Command Center  
  123  9:03  SCV x2  
  123  9:04  Supply Depot, Viking  
  123  9:05  Supply Depot, Viking  
  129  9:11  Factory Tech Lab  
  129  9:12  Siege Tank x2  
  129  9:15  Hellion x2  
  138  9:25  Command Center  
  138  9:34  Orbital Command  
  138  9:36  Viking x2  
  138  9:37  Siege Tank  
  145  9:40  Hellion, Factory Reactor  
  145  9:41  Hellion  
  145  9:44  Siege Tank x2  
  155  9:50  SCV  
  156  10:00  Supply Depot x2  
  156  10:02  Supply Depot  
  156  10:05  SCV x3  
  154  10:14  Siege Tank, Hellbat  
  140  10:16  Siege Tank  
  129  10:22  Siege Tank  
  129  10:23  Hellbat x3  
  125  10:36  Hellbat  
  125  10:39  SCV x2  
Show
View Real Time Build Order
Export as new Build Order

gumiho Terran - Winner!

Build Orders: Cyclone Opening, Mech 

Get SALT Encoding   

  12  0:00  SCV  
  13  0:12  SCV  
  14  0:17  Supply Depot  
  14  0:24  SCV  
  15  0:39  SCV  
  15  0:40  Barracks  
  16  0:43  Refinery  
  16  0:51  SCV  
  16  0:53  Refinery  
  17  1:03  SCV  
  18  1:15  SCV  
  19  1:27  Orbital Command, Reaper  
  19  1:29  Supply Depot  
  20  1:41  Factory  
  20  1:52  SCV  
  21  1:59  Reaper  
  22  2:04  SCV  
  23  2:16  Command Center  
  23  2:19  SCV  
  24  2:25  Hellion  
  26  2:31  SCV  
  26  2:32  Barracks Tech Lab  
  26  2:35  Supply Depot  
  27  2:43  SCV  
  28  2:48  Starport  
  28  2:55  SCV  
  29  2:59  Cyclone  
  29  3:03  Barracks Tech Lab  
  32  3:07  SCV  
  33  3:19  SCV  
  34  3:27  Orbital Command  
  34  3:30  Banshee  
  34  3:32  Cyclone  
  40  3:34  SCV  
  41  3:46  SCV  
  42  3:55  Command Center  
  42  3:56  SCV  
  42  3:59  SCV  
  44  4:04  Cyclone  
  47  4:15  Banshee  
  49  4:18  SCV x2  
  51  4:24  Refinery  
  51  4:26  Refinery  
  51  4:30  SCV x2  
  53  4:34  Factory  
  53  4:39  Supply Depot  
  53  4:42  SCV  
  53  4:43  Supply Depot  
  54  5:00  SCV, Factory  
  54  5:01  Barracks Reactor  
  54  5:02  SCV  
  56  5:07  Siege Tank  
  56  5:08  Orbital Command  
  56  5:11  Starport Reactor  
  56  5:12  SCV  
  60  5:14  SCV  
  61  5:24  SCV  
  61  5:26  SCV  
  61  5:27  Orbital Command  
  61  5:28  Supply Depot  
  61  5:37  SCV  
  61  5:38  SCV  
  61  5:39  Siege Tank  
  66  5:43  Siege Tank  
  66  5:49  SCV  
  70  5:50  SCV, Viking x2  
  70  5:51  Supply Depot  
  70  5:53  SCV  
  70  5:56  Armory  
  76  6:01  SCV  
  76  6:02  SCV  
  76  6:03  Refinery  
  78  6:05  SCV  
  78  6:11  Siege Tank  
  78  6:16  SCV x2  
  80  6:19  Siege Tank  
  80  6:20  Hellion x2  
  80  6:22  Viking  
  80  6:23  SCV  
  90  6:27  Refinery  
  90  6:28  SCV  
  90  6:31  Viking  
  93  6:33  SCV  
  93  6:35  SCV  
  93  6:36  Supply Depot  
  95  6:40  Supply Depot, SCV  
  95  6:43  Supply Depot  
  95  6:45  SCV  
  97  6:47  SCV  
  97  6:48  Siege Tank  
  101  6:55  Terran Vehicle Weapons Level 1  
  101  6:58  SCV, Siege Tank  
  105  7:13  Command Center  
  105  7:15  Mag-Field Accelerator  
  105  7:17  SCV x3  
  105  7:19  Factory  
  105  7:20  Factory  
  108  7:24  Siege Tank  
  108  7:26  Hellion x2  
  112  7:31  SCV x3  
  112  7:35  Viking x2  
  119  7:43  SCV x3  
  122  7:47  Supply Depot  
  122  7:50  Supply Depot x2  
  122  8:03  Hellion  
  124  8:06  Factory Reactor, Factory Tech Lab  
  124  8:09  Siege Tank x2, Hellion  
  124  8:11  Viking x2  
  136  8:13  SCV x2  
  136  8:18  SCV  
  139  8:24  Supply Depot  
  139  8:25  Siege Tank  
  142  8:28  SCV  
  142  8:29  SCV  
  142  8:30  Orbital Command  
  142  8:32  Hellion x2  
  148  8:40  Command Center  
  148  8:49  Viking x2  
  148  8:53  Siege Tank x2  
  162  8:55  Hellion  
  162  8:56  Hellion  
  162  9:01  Hellion  
  166  9:03  Hellion  
  166  9:05  Supply Depot  
  166  9:10  Engineering Bay  
  166  9:20  Siege Tank  
  166  9:21  Hellion  
  171  9:27  Siege Tank x2, Hellion  
  171  9:31  Hellion x2  
  183  9:32  Supply Depot  
  183  9:39  Viking x2  
  187  9:51  Refinery x2, Hellion  
  187  9:52  Orbital Command, Siege Tank  
  192  9:54  Factory x2  
  192  9:57  Sensor Tower  
  192  9:59  Siege Tank  
  191  10:08  Cyclone  
  158  10:15  Hellion x4  
  153  10:24  Hellion  
  155  10:32  Hellion  
  146  10:36  Hellion x2  
  146  10:40  Factory Tech Lab x2  
  142  10:51  Refinery  
  142  10:52  Command Center  
  142  10:53  Refinery  
Tags
 
Add a new tag
Caveats
  • Supply blocks, unpowered buildings, or Contaminate may cause inaccurate times.
  • Supply counts are checked every 10 seconds.